 Dungeon Crawl Stone Soup version 0.27.1-2-g3b301248ec (webtiles) character file.

Game seed: 17466510537368028650

694 barney the Changer (level 7, -4/56 HPs)
             Began as a Grey Draconian Transmuter on Oct 4, 2021.
             Succumbed to a hornet's poison
             ... on level 4 of the Dungeon.
             The game lasted 00:05:12 (3918 turns).

barney the Changer (Grey Draconian Transmuter)      Turns: 3918, Time: 00:05:12

Health: -4/56      AC:  2    Str: 12    XL:     7   Next: 37%
Magic:  8/10       EV: 19    Int: 16    God:
Gold:   109        SH:  0    Dex: 16    Spells: 4/10 levels left

rFire    . . .     SeeInvis .     - Unarmed
rCold    . . .     Faith    .   (shield currently unavailable)
rNeg     . . .     Spirit   .   (armour unavailable)
rPois    x         Reflect  .   (helmet currently unavailable)
rElec    .         Harm     .   (cloak currently unavailable)
rCorr    +         Rampage  .   (gloves currently unavailable)
Will     .....                  (boots currently unavailable)
Stlth    +.........             (no amulet)
HPRegen  0.18/turn              a - ring of wizardry
MPRegen  0.12/turn              e - ring of resist corrosion

@: lethally poisoned (-4 -> -26), spider-form (expiring), slowed, very slow
A: venomous fangs, AC +11, (amphibious), tiny, unfitting armour, (cold-blooded)
a: End Transformation


You were on level 4 of the Dungeon.
You were a venomous arachnid creature.
You visited 1 branch of the dungeon, and saw 4 of its levels.

You collected 109 gold pieces.

Inventory:

Hand Weapons
 i - a +0 short sword
Armour
 k - a +0 pair of gloves (melded)
Jewellery
 a - a ring of wizardry (left front leg)
 e - a ring of resist corrosion (right front leg)
Scrolls
 b - 4 scrolls of identify
 d - a scroll of summoning
 f - a scroll of fog {unknown}
 g - a scroll of enchant weapon {unknown}
 h - 2 scrolls of amnesia {unknown}


   Skills:
 + Level 2.3 Fighting
 - Level 1.7 Dodging
 + Level 3.5 Unarmed Combat
 - Level 2.0 Spellcasting
 + Level 7.9 Transmutations


You had 4 spell levels left.
You knew the following spells:

 Your Spells              Type           Power      Damage    Failure   Level
a - Beastly Appendage     Tmut           52%        N/A       1%          1
b - Spider Form           Tmut/Pois      7%         N/A       12%         3
c - Wereblood             Tmut           26%        N/A       2%          2

Your spell library contained the following spells:

 Spells                   Type           Power      Damage    Failure   Level
 Ice Form                 Ice/Tmut       14%        N/A       30%         4


Dungeon Overview and Level Annotations

Branches:
Dungeon (4/15)
 Temple: D:4-7

Altars:
Hepliaklqana


Innate Abilities, Weirdness & Mutations

You are a venomous arachnid creature.
You have poisonous fangs.
You are tiny and dextrous.
Your spellcasting is less reliable in this form.
Your armour is entirely melded.
You are incapable of wielding weapons or throwing items.
((Your dull iron-grey scales are very hard. (AC +11)))
((You are amphibious.))
You cannot fit into any form of body armour.
((You are cold-blooded and may be slowed by cold attacks.))


Message History

Your endoplasm misses the hornet. The goblin completely misses you.
Your jelly hits the hornet but does no damage.
Your goblin barely misses the hornet.
You barely miss the hornet.
The hornet is heavily wounded.
The hornet stings you!
You are poisoned.
You feel yourself slow down.
Your orc closely misses the hornet.
Your endoplasm freezes the hornet.
The hornet is frozen.
The goblin hits you but does no damage.
Your jelly misses the hornet.
Your goblin hits the hornet with a +0 dagger.
The hornet completely misses you.
You hit the hornet but do no damage.
The hornet looks even sicker.
The hornet is severely wounded.
You feel very sick. The hornet stings you!
* * * LOW HITPOINT WARNING * * *
You are more poisoned.
You feel as though you will be slow longer.
Your orc closely misses the hornet.
Your endoplasm barely misses the hornet.
The goblin barely misses you.
Your jelly misses the hornet.
Your goblin hits the hornet but does no damage.
The hornet barely misses you.
You hit the hornet.
The hornet looks as sick as possible!
The hornet is almost dead.
* * * LOW HITPOINT WARNING * * *
You feel extremely sick.
You kill the hornet!
Your endoplasm barely misses the goblin.
The goblin barely misses you.
Your orc hits the goblin with a +0 war axe!
The goblin dies!
Your Fighting skill increases to level 2!
You have reached level 7!
Your scales start taking on a dull iron-grey colour.
You learn Air Magic much slower.
You learn Earth Magic much quicker.
Your transformation is almost over.
You die...

#.#####.................
#...<######.#.......#....
...[.....[[.#.............
####.########.......#.....
#.####........######
#..........##.#
###.####.###.##.# ##.#.# #
#.##.# ..#..# .###.##s##
.....####......J..#
.#.............Jog.#
.###.########.......# ##
#... .......$## #..##
#.......## #..# #.......##
###. ........# . #.......#


You could see a friendly jelly (summoned), a friendly orc (summoned), a friendly
endoplasm (summoned) and a friendly goblin (summoned).

Vanquished Creatures
  A hornet (D:4)
  Grinder (D:3)
  A centaur (D:3)
  A centaur skeleton (D:3)
  Jessica (D:3)
  An iguana (D:4)
  Terence (D:3)
  3 adders
  A worm (D:2)
  5 dart slugs
  5 orcs
  9 bats
  3 endoplasms (D:3)
  A giant cockroach (D:4)
  7 goblins
  7 hobgoblins
  11 jackals
  8 kobolds
  A quokka (D:1)
  6 ball pythons
  5 frilled lizards
  4 rats
83 creatures vanquished.

Vanquished Creatures (collateral kills)
  A goblin (D:4)
1 creature vanquished.

Grand Total: 84 creatures vanquished

Notes
Turn   | Place    | Note
-------+----------+-------------------------------------------
     0 | D:1      | barney the Draconian Transmuter began the quest for the
                  | Orb.
     0 | D:1      | Reached XP level 1. HP: 16/16 MP: 3/3
   254 | D:1      | Reached XP level 2. HP: 22/23 MP: 3/5
   286 | D:1      | Reached skill level 3 in Transmutations
   570 | D:1      | Reached XP level 3. HP: 28/28 MP: 4/6
  1196 | D:2      | Found a hazy altar of Hepliaklqana.
  1214 | D:1      | Learned a level 3 spell: Spider Form
  1217 | D:1      | Learned a level 2 spell: Wereblood
  1225 | D:2      | Reached skill level 4 in Transmutations
  1709 | D:2      | Reached XP level 4. HP: 35/35 MP: 5/7
  1962 | D:3      | Noticed Jessica
  1967 | D:3      | Killed Jessica
  2058 | D:3      | Reached skill level 5 in Transmutations
  2264 | D:3      | Noticed a centaur
  2275 | D:3      | Killed a centaur
  2276 | D:3      | Reached XP level 5. HP: 14/40 MP: 4/8
  2578 | D:3      | Noticed Terence
  2587 | D:3      | Killed Terence
  2588 | D:3      | Reached skill level 6 in Transmutations
  2593 | D:3      | Noticed Grinder
  2598 | D:3      | Paralysed by Grinder for 5 turns
  2611 | D:3      | Paralysed by Grinder for 2 turns
  3018 | D:4      | Reached XP level 6. HP: 42/47 MP: 4/9
  3044 | D:3      | Killed Grinder
  3045 | D:3      | Reached skill level 7 in Transmutations
  3906 | D:4      | Noticed a hornet
  3917 | D:4      | HP: 2/47 [poisoned by a hornet]
  3917 | D:4      | Killed a hornet
  3918 | D:4      | Your scales start taking on a dull iron-grey colour.
  3918 | D:4      | Reached XP level 7. HP: 3/56 MP: 7/10
  3918 | D:4      | Succumbed to a hornet's poison

Illustrated notes

Levels and vault maps discovered:
D:1:      wheals_arrival_shading, layout_loops_cross, serial_aquarium,
          aquarium_bridge_long_joined [aquarium_subvault_balcony,
          aquarium_subvault_window, aquarium_subvault_balcony,
          aquarium_subvault_wall, aquarium_subvault_wall,
          aquarium_subvault_bridge], aquarium_bridge_square
          [aquarium_subvault_bridge, aquarium_subvault_wall,
          aquarium_subvault_wall, aquarium_subvault_bridge],
          aquarium_window_fake, aquarium_window_1, aquarium_view_2c,
          minmay_close_crescents
D:2:      layout_rooms, basic_altar
D:3:      layout_rooms, uniq_jessica, uniq_grinder, uniq_terence
D:4:      layout_loops_ring, okawaru_altar_gauntlet_db,
          minmay_temple_entry_mini_moons, uniq_blork_the_orc

Skill      XL: |  1  2  3  4  5  6 |
---------------+-------------------+-----
Transmutations | 3 4 5 6 7 |  7.9
Fighting       | 2 |  2.3
Dodging        | |  1.7
Unarmed Combat | |  3.5
Spellcasting   | |  2.0

Action                   |  1- 3 |  4- 6 |  7- 9 || total
-------------------------+-------+-------+-------++-------
Melee: Unarmed           |   110 |   124 |       ||   234
       Kick              |    17 |     4 |       ||    21
       Headbutt          |     9 |     3 |       ||    12
       Tailslap          |     4 |     4 |       ||     8
 Cast: Beastly Appendage |    17 |     8 |       ||    25
       Spider Form       |     1 |    17 |       ||    18
       Wereblood         |       |     2 |       ||     2
  Use: Potion            |     1 |     4 |       ||     5
       Scroll            |       |     2 |       ||     2
 Stab: Sleeping          |     2 |       |       ||     2
Armor: Skin              |    34 |    18 |       ||    52
Dodge: Dodged            |    94 |   117 |       ||   211
